[Event "CCC-GM 2022"]
[Site "Ballerup"]
[Date "2022.05.26"]
[Round "2.4"]
[White "Haubro, Martin"]
[Black "Hacker, Jonas"]
[Result "0-1"]
[ECO "B48"]
[WhiteElo "2428"]
[BlackElo "2396"]
[Annotator "TA"]
[PlyCount "50"]
[EventDate "2022.05.25"]
[EventType "tourn"]
[EventCountry "DEN"]
[SourceTitle "playchess.com"]
[Source "ChessBase"]
[SourceQuality "1"]
[TimeControl "5400+30"]

1. e4 {[%emt 0:00:03] Edouard,Romain} c5 2. Nf3 e6 3. d4 cxd4 4. Nxd4 Nc6 5. Nc3 Qc7 6. Be3 a6 7. Qf3 {[%emt 0:00:21] B48: Sicilian: Taimanov: 5 Nc3 Qc7 6 Be3 a6 without Be2.} Nf6 8. O-O-O Ne5 9. Qg3 {[%emt 0:00:42] White is slightly better.} b5 10. f4 Neg4 11. Bd2 b4 (11... Qa7 $5 12. Be3 b4 $15) 12. Na4 h5 13. Bd3 d5 {[%emt 0:01:05] [#]} 14. h3 $146 (14. e5 $1 $16 {[%cal Re5f6] keeps the pressure on.} Bd7 15. exf6 Bxa4 16. b3) ({Predecessor:} 14. e5 Ne4 15. Bxe4 dxe4 16. h3 Nh6 17. Qb3 Bd7 18. Bxb4 Rb8 19. Bxf8 Rxb3 20. Bd6 {1-0 (27) Nepomniachtchi,I (2789)-Pichot,A (2630) chess24.com INT 2021 CBM 201 [Edouard,Romain]}) 14... dxe4 $17 {[%emt 0:05:04] Hoping for ...h4.} 15. hxg4 {[%emt 0:02:08][%cal Bh3g4,Bg4g5][%mdl 32] Black must now prevent g5!} exd3 16. g5 $1 Ng4 $36 {[%emt 0:16:47][%mdl 2048] ...Bd7 is the strong threat. Black has the initiative.} (16... dxc2 17. Rde1 Ng4 18. g6 $17) 17. Qxd3 Bd7 18. Nxe6 $2 {[%emt 0:16:14] This costs White the game.} fxe6 19. Qg6+ Kd8 20. Bxb4 $2 (20. Rhe1 Qc6 21. f5) 20... Qxf4+ $19 {[%emt 0:12:05] Black is clearly winning.} ({Not} 20... Bxb4 21. Qxg7 Rf8 {[#]} 22. Nb6 $1 $14 ) 21. Kb1 {[%emt 0:00:48] White wants to mate with Ba5+.} Qxb4 22. Qxe6 Qxa4 23. Qb6+ Kc8 ({Less strong is} 23... Ke8 24. Rhe1+ Be7 25. Qd6 $16) 24. Rhe1 {[%emt 0:00:05] [#]} Ba3 $1 {[%emt 0:03:48] Strongly threatening ...Rb8.} 25. Rd3 (25. Rd4 Qc6) 25... Qb4 {[%emt 0:01:02] Weighted Error Value: White=0.77/Black=0.04 (flawless)} 0-1

[Event "CCC-GM 2022"]
[Site "Ballerup"]
[Date "2022.05.26"]
[Round "2.5"]
[White "Brunello, Sabino"]
[Black "Blomqvist, Erik"]
[Result "1/2-1/2"]
[ECO "E42"]
[WhiteElo "2521"]
[BlackElo "2523"]
[Annotator "TA"]
[PlyCount "100"]
[EventDate "2022.05.25"]
[EventType "tourn"]
[EventCountry "DEN"]
[SourceTitle "playchess.com"]
[Source "ChessBase"]
[SourceQuality "1"]
[TimeControl "5400+30"]

1. d4 Nf6 2. c4 e6 3. Nc3 Bb4 4. e3 c5 5. Nge2 d6 6. g3 {[%emt 0:06:20] E42: Nimzo-Indian: Rubinstein: 4...c5 5 Ne2.} d5 7. dxc5 dxc4 8. Qxd8+ Kxd8 9. Bd2 {[%emt 0:02:36] [#]} Nbd7 $146 ({Predecessor:} 9... Bxc5 10. Nc1 a6 11. Bxc4 b5 12. Be2 Bb7 13. O-O Ra7 14. Nb3 Bd6 15. f3 Ke7 {1-0 (49) Fier,A (2576)-Sjugirov,S (2663) Chess.com INT 2021}) 10. Nd4 Ne5 {[%emt 0:18:18] [#]} 11. Ne4 $1 a5 (11... Nxe4 12. Bxb4) 12. Bxb4 {[%emt 0:18:34] Black must now prevent Nxf6.} axb4 13. Nd6 {[%emt 0:00:17] aiming for f4.} Ke7 (13... c3 $2 14. f4 cxb2 15. Rb1 $18) 14. Nxc4 {[%emt 0:02:15] White is more active.} ({Much worse is} 14. Bxc4 b6 $11) (14. f4 {is more complex.} Ned7 15. Nxc4 Nxc5 16. Ke2) 14... Nxc4 15. Bxc4 Bd7 16. Nc2 $1 Rhc8 17. Nxb4 Rxc5 18. Bd3 Bb5 19. O-O (19. Be2 $14) 19... Bxd3 $11 20. Nxd3 Rd5 21. Nb4 Rd2 22. Rfd1 Rxb2 23. Rab1 Rxb1 24. Rxb1 {[%emt 0:00:01][%mdl 4096] Endgame KRN-KRN} Ne4 25. Rc1 Kd6 26. f3 Nc5 27. Rc3 {[%emt 0:01:15] Prevents Ra3.} f5 28. Kf2 g5 29. h3 h5 30. Ke2 b5 31. a3 g4 $1 32. hxg4 hxg4 33. fxg4 fxg4 34. Nd3 Ne4 35. Rb3 Nxg3+ 36. Ke1 Ne4 (36... Ra4 $17 37. Kf2 Nf5) 37. Rxb5 Rxa3 38. Rb6+ Ke7 (38... Kd5 $5 39. Ke2 Ng3+ 40. Kd2 Ne4+ 41. Ke2 Ng3+ 42. Kd2 Nf1+ 43. Ke2 Ng3+ $17) 39. Rb4 Ra1+ 40. Ke2 Ra2+ 41. Kf1 Nf6 42. Nf4 g3 43. Rb7+ Nd7 (43... Kd6 $5 44. Rb6+ Ke5 45. Rxe6+ Kf5 $15) 44. Nh5 g2+ 45. Kg1 e5 46. Ng3 {[%emt 0:00:27] The position is equal.} Ke6 47. Ne4 Re2 48. Rb3 Kd5 49. Nc3+ Kc4 50. Nxe2 Kxb3 {[%emt 0:00:04] Weighted Error Value: White=0.10 (very precise) /Black=0.11 (very precise)} 1/2-1/2

[Event "CCC-GM 2022"]
[Site "Ballerup"]
[Date "2022.05.26"]
[Round "3.1"]
[White "Stefansson, Vignir Vatnar"]
[Black "Komarov, Dimitri"]
[Result "0-1"]
[ECO "D11"]
[WhiteElo "2496"]
[BlackElo "2493"]
[Annotator "TA"]
[PlyCount "68"]
[EventDate "2022.05.25"]
[EventType "tourn"]
[EventCountry "DEN"]
[SourceTitle "playchess.com"]
[Source "ChessBase"]
[SourceQuality "1"]
[TimeControl "5400+30"]

1. d4 d5 2. c4 c6 3. Nf3 Nf6 4. g3 dxc4 5. Bg2 g6 6. O-O Bg7 7. a4 O-O 8. Na3 $1 {[%emt 0:00:05] D73: Fianchetto Grünfeld: 5 Nf3 .} Na6 9. Ne5 c5 10. dxc5 {[%emt 0:12:34] c6 is the strong threat. The position is equal.} Nxc5 11. Naxc4 Be6 {[%emt 0:12:48] [#]} 12. Be3 $146 ({Predecessor:} 12. b4 Nce4 {½-½ (12) Horvath,P (2390)-Horvath,J (2520) Budapest 1994}) 12... Rc8 13. b4 Ncd7 14. Nxd7 Qxd7 15. Qxd7 Nxd7 16. Na5 $1 Bxa1 17. Rxa1 Nb6 18. Bxb7 Rc7 19. Bf4 {[%emt 0:16:09] A strong pair of Bishops.} (19. b5 $5 ) 19... Rd7 $36 {[%emt 0:00:24][%mdl 2048] Black has good play.} 20. Be4 (20. Kf1 $15) 20... Rd4 $17 21. Bd3 Bd7 {[%emt 0:01:33] Prevents Nc6.} 22. Bb5 (22. Bd2 $17) 22... Rxb4 $19 23. Bxd7 Nxd7 24. Nc6 Re4 25. a5 (25. Kf1 $17) 25... a6 ({And not} 25... Rxe2 26. Nxa7 Rc2 27. a6) 26. Ra2 Rc8 27. f3 Re6 ({Weaker is} 27... Rxc6 28. fxe4 Kf8 29. Rb2 $15) 28. Nb4 f6 {[%emt 0:03:59] [#] And now ...g5 would win.} 29. Kf2 g5 30. Be3 Rd6 31. Nd3 Rc4 32. Rb2 Kf7 33. h3 Rd5 34. Rb7 Ne5 {[%emt 0:00:46] Weighted Error Value: White=0.21 (precise) /Black=0.04 (flawless)} 0-1

[Event "CCC-GM 2022"]
[Site "Ballerup"]
[Date "2022.05.26"]
[Round "3.2"]
[White "Nielsen, Viktor Haarmark"]
[Black "Brunello, Sabino"]
[Result "1-0"]
[ECO "A63"]
[WhiteElo "2323"]
[BlackElo "2521"]
[Annotator "TA"]
[PlyCount "71"]
[EventDate "2022.05.25"]
[EventType "tourn"]
[EventCountry "DEN"]
[SourceTitle "playchess.com"]
[Source "ChessBase"]
[SourceQuality "1"]
[TimeControl "5400+30"]

1. d4 Nf6 2. c4 g6 3. g3 Bg7 4. Bg2 c5 5. d5 O-O 6. Nc3 d6 7. Nf3 e6 8. O-O exd5 9. cxd5 Nbd7 10. Bf4 Qe7 11. a4 {[%emt 0:03:50] A62: Modern Benoni: Fianchetto Variation without early ...Nbd7.} Ng4 12. Bg5 f6 13. Bd2 {[%emt 0:01:38] [#] The position is equal.} Rb8 $146 ({Predecessor:} 13... Nde5 14. h3 Nxf3+ 15. exf3 Ne5 16. Re1 Qd8 17. Bf1 g5 18. f4 Ng6 19. Ne2 Bd7 {1-0 (59) Goryachkina,A (2505)-Alekseev,E (2627) Yaroslavl 2018}) 14. Rb1 a6 15. b4 f5 16. Qc2 Re8 17. Rfe1 Qf6 (17... cxb4 $11 {remains equal.} 18. Rxb4 Nc5) 18. a5 $16 b5 {[%emt 0:05:24] Against Na4} 19. axb6 $1 cxb4 20. Rxb4 Rxb6 21. Na4 Rxb4 22. Bxb4 Nf8 {[%emt 0:00:09] [#] Black cannot hold the game after this.} (22... Qe7 $16) 23. Nb6 $1 $18 Re4 24. Ba3 (24. Qxc8 Rxb4 25. Nc4 (25. Qxa6 Qc3 $14) 25... Qc3 26. Nxd6 Rb6 $16) 24... Bd7 25. Nxd7 Nxd7 26. Qc8+ Nf8 27. Qxa6 Qc3 (27... Re8 $142 28. e3 (28. Qxd6 Qxd6 29. Bxd6 Rd8 $18) (28. Bxd6 Rd8 $17) 28... Nd7 29. Qxd6 Qxd6 30. Bxd6 Rc8) 28. Rc1 ({Don't play} 28. Qxd6 $6 Ra4 $18) 28... Qb3 29. Qxd6 ({Not} 29. Bxd6 Nxf2 30. Qa3 Qxa3 31. Bxa3 Ng4 $16) 29... Rxe2 $2 {[%emt 0:04:20] [#]} (29... Re8 30. Rf1 Qb8) 30. Nd4 $1 Qxa3 (30... Qa2 31. Nxe2) 31. Qxa3 Bxd4 32. Rc8 Bxf2+ 33. Kh1 {[%emt 0:00:06][%csl Gc8][%cal Ra3f8] White mates.} Re1+ 34. Bf1 Rxf1+ 35. Kg2 Ne3+ 36. Kh3 {[%emt 0:00:26] Weighted Error Value: White=0.10 (very precise) /Black=0.49} 1-0

[Event "CCC-GM 2022"]
[Site "Ballerup"]
[Date "2022.05.26"]
[Round "3.3"]
[White "Olsen, Filip Boe"]
[Black "Brondt, Nicolai Kvist"]
[Result "1/2-1/2"]
[ECO "D45"]
[WhiteElo "2407"]
[BlackElo "2241"]
[Annotator "TA"]
[PlyCount "103"]
[EventDate "2022.05.25"]
[EventType "tourn"]
[EventCountry "DEN"]
[SourceTitle "playchess.com"]
[Source "ChessBase"]
[SourceQuality "1"]
[TimeControl "5400+30"]

1. d4 {[%emt 0:00:05] ChessBase II} Nf6 2. c4 c6 3. Nf3 d5 4. e3 a6 5. Nc3 e6 6. Qc2 c5 7. cxd5 exd5 8. dxc5 {[%emt 0:09:58] D45: Semi-Slav: 5 e3.} Bxc5 9. Bd3 Nc6 10. O-O {[%emt 0:00:34] [#]} Bg4 $146 ({Predecessor:} 10... Qe7 11. a3 Bg4 12. Nd4 Ne5 13. Bf5 O-O 14. h3 Bh5 15. b4 Bd6 16. Qb3 Rad8 {½-½ (23) Amoyal,P (2226)-Payen,A (2363) Aix les Bains 2003 EXT 2004 [ChessBase II]}) 11. Ne2 Qe7 12. Nfd4 {[%emt 0:01:43] [#] aiming for Nxc6.} Nb4 13. Qb3 Nxd3 14. Qxd3 O-O 15. b3 Bd6 16. Bb2 Qe4 (16... Qe5 {looks sharper.} 17. Ng3 Ne4 18. f4 Qe8) 17. Qxe4 (17. Qd2 {is more complex.} Qe5 18. Nf3 Qh5 19. Bxf6 Bxf3 20. Ng3) 17... dxe4 18. h3 Bd7 19. Rfd1 Be5 20. Rab1 Rfe8 21. Rd2 Rac8 22. Nc2 Bb5 23. Bxe5 Rxe5 24. Ncd4 Bxe2 25. Nxe2 Kf8 26. Kf1 Ke7 27. Rbd1 Rec5 28. Ke1 Rc2 29. a4 Rxd2 30. Rxd2 $11 {[%emt 0:00:11][%mdl 4096] Endgame KRN-KRN} Ne8 31. Rd4 f5 32. Kd2 g6 33. g4 Rd8 (33... Rc5 $11) 34. gxf5 gxf5 35. Rxd8 Kxd8 $16 {[%emt 0:00:01] KN-KN} 36. Kc3 {[%emt 0:00:11] And now Kd4 would win.} Kc7 {[%emt 0:01:44] [#]} 37. Kd4 ({Better is} 37. Kc4 $1 $16 ) 37... Kd6 $14 38. b4 Nc7 39. Nf4 b6 40. Kc4 b5+ 41. axb5 axb5+ 42. Kd4 Na6 43. Nd5 h6 44. h4 Nb8 {[%emt 0:00:29] ( -> ...Nc6+)} 45. Nf6 Nc6+ 46. Kc3 Ke6 47. Ne8 {[%emt 0:00:12] Hoping for Nc7+.} Ke5 48. Nc7 Na7 49. Na6 Nc6 50. Nc7 Na7 51. Na6 Nc6 52. Nc7 {Weighted Error Value: White=0.11 (very precise) /Black=0.13 (very precise)} 1/2-1/2

[Event "CCC-GM 2022"]
[Site "Ballerup"]
[Date "2022.05.26"]
[Round "3.4"]
[White "Blomqvist, Erik"]
[Black "Haubro, Martin"]
[Result "1-0"]
[ECO "A06"]
[WhiteElo "2523"]
[BlackElo "2428"]
[Annotator "TA"]
[PlyCount "75"]
[EventDate "2022.05.25"]
[EventType "tourn"]
[EventCountry "DEN"]
[SourceTitle "playchess.com"]
[Source "ChessBase"]
[SourceQuality "1"]
[TimeControl "5400+30"]

1. Nf3 d5 2. g3 Nd7 3. d4 Nb6 4. a4 a5 5. b3 Bf5 6. Ba3 {[%emt 0:00:15] D02: 1 d4 d5 2 Nf3 sidelines, including 2...Nf6 3 g3 and 2...Nf6 3 Bf4.} e6 7. Bxf8 Kxf8 8. Bg2 {[%emt 0:00:22] [#] The position is equal.} Ne7 $146 ({Predecessor:} 8... Nf6 9. O-O Ke7 10. Nh4 Re8 11. Nxf5+ exf5 12. Qd3 g6 13. c4 Kf8 14. Nc3 c6 {½-½ (42) Predojevic,B (2616)-Mosesov,D (2290) Zadar 2019}) 9. Nbd2 f6 10. O-O Kf7 11. Re1 Re8 12. e4 dxe4 13. Nxe4 Bxe4 14. Rxe4 Ng6 ({Black should try} 14... Nbd5 $14) 15. c4 $16 Nd7 16. h4 c6 17. Qe2 Ngf8 18. Re1 Qc7 (18... f5 $16 {was called for.} 19. Re3 Nf6) 19. c5 Re7 20. Nd2 b6 (20... f5 $16 {is a better defense.}) 21. Bh3 $18 Rae8 22. Nc4 {[%emt 0:00:42] [#] Black must now prevent Nd6+.} bxc5 23. dxc5 Kg8 24. Nd6 {[%emt 0:01:31] White is much more active. The black rooks are badly placed.} Nxc5 {[%emt 0:04:47] Loses the game.} (24... Rb8 $16) 25. Nxe8 Rxe8 26. Qh5 Qe7 27. Rc4 Nd3 28. Re3 (28. Qxa5 Nxe1 29. Qxe1 c5 $16) 28... Ne5 29. Rce4 {[%emt 0:07:33] Hoping for f4.} g6 30. Qe2 {[%emt 0:00:50] And now f4 would win.} Qa7 31. Kh2 {[%emt 0:02:11] Threatens to win with f4.} Kg7 32. Rc3 ({Much less strong is} 32. f4 $6 Ned7 33. Rc4 (33. Bxe6 Nc5 $16) 33... Qb6 $18) 32... Nf7 33. Rxc6 e5 34. Ra6 ({Not} 34. Qf3 f5 $18) 34... Qc7 35. Rc4 {[%emt 0:00:40] White is clearly winning.} Qd8 (35... Qb7 $142) 36. Rc8 Qe7 37. Rxe8 Qxe8 38. Rxa5 {[%emt 0:00:21] Weighted Error Value: White=0.07 (flawless) /Black=0.27 (precise)} 1-0

[Event "CCC-GM 2022"]
[Site "Ballerup"]
[Date "2022.05.26"]
[Round "3.5"]
[White "Hacker, Jonas"]
[Black "Heimisson, Hilmir Freyr"]
[Result "1-0"]
[ECO "A15"]
[WhiteElo "2396"]
[BlackElo "2323"]
[Annotator "TA"]
[PlyCount "107"]
[EventDate "2022.05.25"]
[EventType "tourn"]
[EventCountry "DEN"]
[SourceTitle "playchess.com"]
[Source "ChessBase"]
[SourceQuality "1"]
[TimeControl "5400+30"]

1. c4 Nf6 2. Nf3 e6 3. Nc3 d5 4. e3 c6 5. b3 Nbd7 6. Bb2 Bd6 7. d4 O-O 8. Be2 b6 9. O-O Bb7 10. Qc2 Qe7 11. Rad1 Rad8 12. Rfe1 Rfe8 13. Bf1 {[%emt 0:00:25] D45: Semi-Slav: 5 e3.} c5 14. cxd5 exd5 15. Ne2 (15. g3 {is superior.}) 15... Rc8 $11 {[%emt 0:06:07] [#] Hoping for ...cxd4.} 16. Qf5 $146 ({Predecessor:} 16. dxc5 Bxc5 17. Qd3 Ne4 18. Nf4 Ndf6 19. h3 Bb4 20. Re2 Nc3 21. Bxc3 Rxc3 22. Qb1 {0-1 (45) Gourlay,I (2342)-Han,Y (2307) Newcastle on Tyne 2021}) 16... c4 17. bxc4 dxc4 18. Nc3 Ne4 19. Rc1 $2 {[%emt 0:27:56] [#]} (19. Ne5 $1 $11 Nxe5 20. Nxe4 Bxe4 21. Qxe4) 19... g6 ({Black should play} 19... Ndf6 $1 $19 20. Nxe4 Bxe4) 20. Qh3 $17 {[%emt 0:01:39] [#]} Nxc3 21. Bxc3 b5 (21... Nf6 $17 {Threatens to win with ...Ba3.} 22. Ne5 b5) 22. Bb2 $2 (22. e4 $1 $11 {and White is okay.}) 22... Nb6 23. e4 Na4 (23... Bxe4 $19 {...Bf4 is the strong threat.} 24. Nd2 f5) 24. Ba1 Bc6 (24... Bxe4 $17 {And now ...Bf4 would win.} 25. Rxe4 Qxe4) 25. d5 $11 Bd7 26. Qh6 Qf8 {[%emt 0:01:01] Against Qg7+} 27. Qh4 $40 {[%emt 0:01:15][%mdl 128] Black needs to defend precisely.} c3 28. Qf6 (28. e5 $11 Be7 29. Qd4) 28... b4 (28... Qe7 $17 29. Qxe7 Rxe7) 29. e5 Bc5 30. Ba6 Rb8 {[%emt 0:02:02] aiming for ...Rb6.} 31. Qf4 Nb6 32. Red1 (32. d6 $11 {was the only way to keep the balance.}) 32... Ba4 ({Black should try} 32... Bc8 $17 33. Bxc8 Rbxc8) 33. Rd3 $15 Rbd8 $2 (33... Nd7 $1 $15 {stays ahead.}) 34. d6 $16 f6 $2 (34... Nd7 $16) 35. exf6 $18 Bxd6 {[%emt 0:00:38] [#]} 36. Rxd6 Rxd6 37. f7+ {[%emt 0:00:57][%mdl 64] Deflection} Qxf7 38. Qxd6 Qd7 $2 (38... Qe7 39. Qd4 Qe4 40. Qxe4 Rxe4) 39. Qxb4 Nd5 40. Bc4 c2 41. Qd2 (41. Qb2 $142 Kf8 42. Bxd5 Re4 43. Qh8+ Ke7 44. Bf6+ Kd6 45. Bxe4 Qe8 46. Be5+ Kd7 47. Qxh7+ Qe7 48. Qxg6) 41... Rd8 42. Qd4 Kf8 43. Qh8+ (43. Re1 $142 Ne3 44. Qf6+ Ke8 45. Rxe3+ Qe6 46. Qxe6+ Kf8 47. Qg8#) 43... Ke7 44. Qxh7+ Kd6 45. Qxg6+ Kc5 46. Bb3 Bxb3 47. axb3 Nb4 48. Bd4+ Kb5 49. Rxc2 Nxc2 50. Qxc2 {[%emt 0:00:04] Threatening mate with Qc4+.} Qc6 {[%emt 0:00:52] Inhibits Qc4+.} 51. Qd3+ Kb4 52. h4 Rd7 53. Qd2+ Kxb3 54. Ne5 {[%emt 0:00:20] Never resign too early!  Weighted Error Value: White=0.34/Black=0.74} (54. Qd1+ $142 Ka3 55. Ne5 Rxd4 56. Qa1+ (56. Nxc6 Rxd1+ 57. Kh2 Rc1 $11) 56... Kb3 57. Nxc6 Rd6 58. Nxa7 Rd5 59. Nc6) 1-0

[Event "CCC-GM 2022"]
[Site "Ballerup"]
[Date "2022.05.27"]
[Round "4.1"]
[White "Nielsen, Viktor Haarmark"]
[Black "Stefansson, Vignir Vatnar"]
[Result "0-1"]
[ECO "E04"]
[WhiteElo "2323"]
[BlackElo "2496"]
[Annotator "TA"]
[PlyCount "54"]
[EventDate "2022.05.25"]
[EventType "tourn"]
[EventCountry "DEN"]
[SourceTitle "playchess.com"]
[Source "ChessBase"]
[SourceQuality "1"]
[TimeControl "5400+30"]

1. d4 d5 2. c4 e6 3. Nf3 Nf6 4. g3 dxc4 5. Bg2 c6 6. Ne5 Bb4+ 7. Bd2 {[%emt 0:03:52] E04: Open Catalan: 5 Nf3.} Be7 (7... Qxd4 {is interesting.} 8. Bxb4 Qxe5 9. Na3 b5) 8. Bc3 b5 (8... a5 $11) 9. Nxc6 $14 {[%emt 0:03:31] [#] White is slightly better.} Qc7 $146 ({Black should try} 9... Nxc6 $14 10. Bxc6+ Bd7 11. Bxa8 Qxa8) ({Predecessor:} 9... Nxc6 10. Bxc6+ Bd7 11. Bxa8 Qxa8 12. O-O h5 13. f3 h4 14. Be1 hxg3 15. Bxg3 Qd5 {½-½ (56) Borhy,M (2386)-Kantor,G (2527) Ajka 2021}) 10. Nxe7 $16 Bb7 {[%emt 0:00:11] [#]} 11. d5 $1 Qxe7 12. d6 Qd7 13. Bxb7 Qxb7 14. O-O Nbd7 15. b3 Rc8 16. Nd2 cxb3 17. Qxb3 O-O 18. Bxf6 Nxf6 19. Rab1 Rc5 20. Rfd1 Rd8 21. Nf3 ({Better is} 21. Qb4 $11 Rc2 22. Nf3 (22. Qxb5 Qxb5 23. Rxb5 h6 $11)) 21... Qb6 22. a4 Ne4 (22... Rxd6 23. Rxd6 Qxd6 24. axb5 $11) (22... a6 $1 $15) 23. Qe3 $2 (23. a5 $1 $11 Qxa5 24. Qe3) 23... Nc3 $19 24. Rdc1 b4 ({Stronger than} 24... Nxa4 25. Rxc5 Nxc5 26. Ne5 $15) 25. Ne5 Qxd6 (25... Nxb1 26. Qxc5 Nc3 27. Qxb6 axb6 28. Kf1 $15) 26. Nd3 Rc4 {[%emt 0:00:13] [#] White must now prevent ...Re4.} ({Weaker is} 26... Nxb1 27. Rxc5 Nc3 28. Nxb4 Nxa4 29. Rc4 $17) 27. Rxb4 $2 (27. Rc2) 27... Nxe2+ $1 {[%emt 0:00:36] Weighted Error Value: White=0.50/Black=0.17 (very precise)} ({And not} 27... Rxb4 28. Nxb4 Nxe2+ 29. Qxe2 $17) 0-1

[Event "CCC-GM 2022"]
[Site "Ballerup"]
[Date "2022.05.27"]
[Round "4.2"]
[White "Brondt, Nicolai Kvist"]
[Black "Hacker, Jonas"]
[Result "0-1"]
[ECO "E04"]
[WhiteElo "2241"]
[BlackElo "2396"]
[Annotator "TA"]
[PlyCount "76"]
[EventDate "2022.05.25"]
[EventType "tourn"]
[EventCountry "DEN"]
[SourceTitle "playchess.com"]
[Source "ChessBase"]
[SourceQuality "1"]
[TimeControl "5400+30"]

1. d4 Nf6 2. c4 e6 3. Nf3 d5 4. g3 dxc4 5. Bg2 a6 6. Ne5 {[%emt 0:01:01][%mdl 1024] White has compensation.} Bb4+ {[%emt 0:01:44] E04: Open Catalan: 5 Nf3.} 7. Nc3 Nd5 8. Bd2 {[%emt 0:09:14] 8.0-0 is the modern continuation.} Nb6 $1 {[%emt 0:01:54] The position is equal.} 9. e3 N8d7 {[%emt 0:02:32] [#]} 10. Rc1 $146 ({Predecessor:} 10. Nxd7 Qxd7 11. O-O O-O 12. Ne4 a5 13. Qc2 Rd8 14. Rfc1 h6 15. a3 Bxd2 16. Nxd2 e5 17. Nxc4 Nxc4 18. Qxc4 exd4 19. exd4 c6 20. Re1 {½-½ (20) Postny,E (2600)-Santos Latasa,J (2575) ICC INT 2020}) 10... Nxe5 (10... Bxc3 {seems wilder.} 11. Rxc3 Nxe5 12. dxe5 Bd7) 11. dxe5 Bxc3 12. Bxc3 Qxd1+ 13. Kxd1 Nd5 14. Bd2 {[%emt 0:02:25] A strong pair of Bishops.} b5 15. b3 Bb7 {[%emt 0:01:46][%cal Oc4c3] White must now prevent ...c3!} 16. Ke1 cxb3 ({Black should try} 16... O-O-O $1 $15) 17. axb3 $11 {[%emt 0:02:56] And now e4 would win.} O-O-O 18. Ke2 {[%emt 0:30:38] [#]} (18. Ba5 $1 $11 {keeps the balance.} Rd7 19. Ke2) 18... Ne7 $1 $36 {[%emt 0:08:44][%mdl 2048] Black is in control. Black converts the advantage convincingly.} 19. f3 {[%emt 0:02:27] [#]} Rd7 $1 20. Rhd1 (20. Rc2 $142) 20... Rhd8 21. Bb4 Rxd1 22. Rxd1 Rxd1 23. Kxd1 $19 {[%emt 0:00:01][%mdl 4096] Endgame KBB-KBN} Nc6 24. Bc3 (24. Bf8 $142) 24... b4 25. Bb2 (25. Bd2 {might work better.}) 25... Na5 26. e4 Nxb3 27. Kc2 Nc5 28. Bf1 a5 {[%emt 0:03:43] Hoping for ...Bc6.} 29. Bb5 (29. Bd4 {was worth a try.} Nd7 30. Bg1) 29... c6 30. Bd4 Nd7 ({And not} 30... cxb5 31. Bxc5 f5 32. exf6 gxf6 33. Bb6 $17) 31. Ba4 Kc7 32. f4 c5 33. Be3 Bxe4+ 34. Kd2 c4 {[%emt 0:03:39] aiming for ...Nb6.} 35. Bxd7 Kxd7 (35... c3+ $142 36. Ke2 Kxd7 37. f5 b3 38. f6 g5 39. Bc1 b2 40. Bxb2 cxb2 41. g4 b1=Q 42. Kf2 Qd3 43. h4 gxh4 44. Ke1 Bf3 45. Kf2 Qe2+ 46. Kg1 Qg2#) 36. Bb6 c3+ {[%emt 0:00:39] Black mates.} 37. Ke3 {[%emt 0:01:32] [#]} b3 $1 38. Kxe4 (38. Bxa5 c2) 38... b2 {[%emt 0:00:23] Weighted Error Value: White=0.48/Black=0.06 (flawless)} 0-1

[Event "CCC-GM 2022"]
[Site "Ballerup"]
[Date "2022.05.27"]
[Round "4.3"]
[White "Komarov, Dimitri"]
[Black "Olsen, Filip Boe"]
[Result "1/2-1/2"]
[ECO "D43"]
[WhiteElo "2493"]
[BlackElo "2407"]
[Annotator "TA"]
[PlyCount "60"]
[EventDate "2022.05.25"]
[EventType "tourn"]
[EventCountry "DEN"]
[SourceTitle "playchess.com"]
[Source "ChessBase"]
[SourceQuality "1"]
[TimeControl "5400+30"]

1. d4 Nf6 2. c4 e6 3. Nf3 d5 4. Nc3 c6 5. Bg5 h6 6. Bxf6 Qxf6 7. g3 Nd7 8. Bg2 g6 9. O-O dxc4 {[%emt 0:04:57] D43: Semi-Slav: 5 Bg5 h6.} 10. Ne4 Qe7 {[%emt 0:03:53] [#]} 11. Ned2 $146 (11. Ne5 {feels hotter.} Bg7 12. f4 O-O 13. Qc1) ({Predecessor:} 11. Ne5 Bg7 12. Nxc4 O-O 13. e3 Rd8 14. f4 c5 15. dxc5 Nxc5 16. Qc2 Bd7 17. Rad1 Nxe4 18. Bxe4 {0-1 (24) Ulko,J (2450)-Stukopin,A (2399) Moscow 2009}) 11... Bg7 {[%emt 0:01:53] The position is equal.} 12. Nxc4 O-O 13. e4 Nb6 14. Nxb6 axb6 15. Qb3 b5 16. e5 Rd8 17. a3 Ra4 18. Rfd1 b6 19. Rd2 Bb7 20. Rad1 Rda8 21. Ne1 b4 22. Nc2 bxa3 23. Nxa3 b5 {[%emt 0:06:15] Prevents Nc4.} 24. Qe3 Bf8 25. Nc2 Rb8 26. Qe2 Qc7 27. b3 Ra2 28. b4 {[%emt 0:00:08] Inhibits c5.} Rb2 29. Qe3 {[%emt 0:01:47] Strongly threatening Qa3.} Ra8 {[%emt 0:00:27] Prevents Qa3.} 30. Be4 (30. Qc3 $5 Raa2 31. d5 exd5 32. Bxd5 Bxb4 33. Bxf7+ (33. Nxb4 Rxd2 34. Rxd2 Rxd2 $15) 33... Qxf7 34. Nxb4 Rxd2 35. Rxd2 Rxd2 36. Qxd2 $11) 30... Raa2 {[%emt 0:01:26] Weighted Error Value: White=0.08 (flawless) /Black=0.04 (flawless)} 1/2-1/2